Description

A 1/1 + stimpack timing attack based off of ALive

Build Order

Get SALT Encoding   

  12  0:00  SCV  
  13  0:08  SCV  
  14  0:19  Supply Depot  
  14  0:22  SCV  
  15  0:29  Refinery  
  15  0:40  SCV  
  16  0:47  Barracks  
  16  0:52  SCV x3  
  19  1:31  Orbital Command  
  20  1:32  Marine  
  20  1:44  Command Center  
  20  1:52  Barracks Reactor  
  20  2:00  Factory  
  20  2:02  SCV x2  
  21  2:10  Supply Depot  
  22  2:15  SCV x2, Refinery  
  24  2:32  Marine x2  
  26  2:44  Starport, Widow Mine  
  28  2:48  SCV  
  29  2:51  Marine  
  31  3:00  Orbital Command  
  31  3:05  SCV  
  32  3:15  Widow Mine  
  34  3:16  SCV  
  35  3:20  Viking  
  37  3:25  SCV x2  
  39  3:29  Barracks  
  39  3:38  Barracks  
  39  3:46  Starport Tech Lab, Supply Depot, Factory Tech Lab  
  39  3:49  Engineering Bay  
  39  3:52  SCV x2  
  41  4:00  Marine x2  
  43  4:06  SCV x2  
  45  4:09  Action MOVE FACT/STAR  
  45  4:10  Supply Depot  
  45  4:15  Starport Reactor, Factory Reactor, Terran Infantry Weapons Level 1  
  45  4:20  Marine x2  
  47  4:25  Action MOVE BARRACKS  
  47  4:20  SCV x2  
  49  4:23  Stimpack  
  52  4:30   Combat Shields  
  52  4:30  Action PRODUCE TROOPS/DEPO  
  81  5:00  Action MOVE OUT  
Spawning Tool Build Advisor. Get it on Overwolf

Go to:

Details

  • Created by: shadeslayer5
  • Published on: Jul 14, 2017
  • Modified on: Jul 18, 2017
  • Patch: 3.8.0
Show
View Real Time Build Order
Export as new Build Order

Comments (2)

On July 18, 2017, 3:33 p.m., shadeslayer5  said:

Yes i did, thank you for pointing that out

On July 16, 2017, 9:34 p.m., skycobra  said:

It looks like you meant to say Techlab instead of reactor for either the starport or factory?

Create an account to comment!